 Dungeon Crawl Stone Soup version 0.26-a0-52-gd53d4cd058 (webtiles) character file.

Game seed: 36461606627590502

280 Argons the Sneak (level 6, 0/32 HPs)
             Began as a Kobold Wizard on June 6, 2020.
             Was a Follower of Zin.
             Slain by an ogre
             ... wielding a +0 giant spiked club
              (32 damage)
             ... on level 4 of the Dungeon.
             The game lasted 00:28:28 (5647 turns).

Argons the Sneak (Kobold Wizard)                    Turns: 5647, Time: 00:28:29

Health: 0/32       AC:  7    Str:  6    XL:     6   Next: 52%
Magic:  10/10      EV: 15    Int: 19    God:    Zin [*.....]
Gold:   220        SH:  0    Dex: 14    Spells: 10/11 levels left

rFire    . . .     SeeInvis .   e - +1 dagger
rCold    . . .     Gourm    .   (shield restricted)
rNeg     . . .     Faith    .   a - +0 robe
rPois    .         Spirit   .   j - +2 helmet
rElec    .         Reflect  .   (no cloak)
rCorr    +         Harm     .   (no gloves)
MR       .....                  b - +1 pair of boots
Stlth    +++.......             (no amulet)
HPRegen  0.10/turn              c - ring of resist corrosion
MPRegen  0.12/turn              (no ring)

@: no status effects
A: small, carnivore
a: Recite, Donate Gold, Renounce Religion


You were on level 4 of the Dungeon.
You worshipped Zin.
Zin was aware of your devotion.
You were very full.

You visited 1 branch of the dungeon, and saw 4 of its levels.

You collected 244 gold pieces.
You donated 24 gold pieces to Zin.

Inventory:

Hand Weapons
 e - a +1 dagger (weapon)
 l - a +0 short sword
Missiles
 m - 5 boomerangs
 q - 7 bolts
 r - 46 sling bullets
 t - 12 poisoned darts (quivered)
 w - 45 arrows
Armour
 a - a +0 robe (worn)
 b - a +1 pair of boots (worn)
 j - a +2 helmet (worn)
Jewellery
 c - a ring of resist corrosion (left hand)
Wands
 k - a wand of iceblast (9)
Scrolls
 i - a scroll of remove curse
 n - 2 scrolls of teleportation
 p - a scroll of amnesia
Potions
 h - a potion of heal wounds
 v - a potion of curing
Comestibles
 d - 8 rations


   Skills:
 + Level 5.4 Short Blades
 - Level 2.4 Dodging
 + Level 6.7 Stealth
 - Level 3.2 Spellcasting
 - Level 1.0 Conjurations
   Level 1.0 Summonings
   Level 1.0 Translocations


You had 10 spell levels left.
You knew the following spells:

 Your Spells              Type           Power        Failure   Level  Hunger
a - Magic Dart            Conj           #...         10%         1    None

Your spell library contained the following spells:

 Spells                   Type           Power        Failure   Level  Hunger
 Beastly Appendage        Tmut           #.....       16%         1    None
 Blink                    Tloc           N/A          16%         2    ##.....
 Call Imp                 Summ           #.......     16%         2    ##.....
 Slow                     Hex            #.......     22%         2    ##.....
 Sticks to Snakes         Tmut           #.......     22%         2    ##.....
 Conjure Flame            Conj/Fire      #.......     36%         3    ###....
 Mephitic Cloud           Conj/Pois/Air  #.......     36%         3    ###....
 Spider Form              Tmut/Pois      #.........   41%         3    ###....
 Ice Form                 Ice/Tmut       #.......     83%         4    ####...
 Blade Hands              Tmut           #.........   99%         5    ######.


Dungeon Overview and Level Annotations

Branches:
Dungeon (4/15)
 Temple: D:4-7

Altars:
Dithmenos
Elyvilon
Kikubaaqudgha
Makhleb
Qazlal
Sif Muna
Wu Jian
Zin

Annotations:
D:4 Menkaure


Innate Abilities, Weirdness & Mutations

You are small and have problems with some larger weapons.
You are carnivorous and can eat meat at any time.


Message History

Things that are here:
a +0 dagger; a +0 scale mail; an orc corpse You see here a frilled lizard corpse.
There is a stone staircase leading down, spattered with blood here.
You see here a frilled lizard corpse.
You butcher the frilled lizard corpse.
f - a chunk of flesh You see here a frilled lizard skeleton.
There is a stone staircase leading down, spattered with blood here.
Eat a chunk of flesh? (ye/n/q)
You eat the chunk of flesh.
This raw flesh tastes great.
You start resting.
Magic restored.
You start resting.
HP restored.
You climb downwards.
Level annotation: Menkaure The ogre hits you with a +0 giant spiked club!!
Ouch! That really hurt!
You die...

###############
#.............#
###.###########.# ##.#.#
#.# ##.#..# #.#
########.###.###########.##
........##O................
##..###..#@#.#####.........
............#####....##.##
........#.#.##......###.#
#..###..###.##.#..#.###.#
#. #..# #.##.#.###.##.# #
#..###.#.#.## ##.#.#
#..รท....#.## ##..#
##.#####.#.## ##.####
#.######.#.###......


You could see an ogre.

Vanquished Creatures
  A howler monkey (D:4)
  A hound (D:4)
  A bullfrog skeleton (D:4)
  A worker ant (D:4)
  6 adders
  An ooze (D:3)
  An adder skeleton (D:4)
  3 worms
  2 dart slugs
  3 leopard geckos
  6 orcs
  5 ball pythons
  7 giant cockroaches
  8 goblins
  10 hobgoblins
  3 quokkas
  5 bats
  5 frilled lizards
  4 kobolds
  A quokka skeleton (D:4)
  10 rats
84 creatures vanquished.

Notes
Turn   | Place    | Note
-------+----------+-------------------------------------------
     0 | D:1      | Argons the Kobold Wizard began the quest for the Orb.
     0 | D:1      | Reached XP level 1. HP: 10/10 MP: 4/4
   192 | D:1      | Reached skill level 3 in Stealth
   290 | D:1      | Reached skill level 1 in Short Blades
   517 | D:1      | Reached XP level 2. HP: 15/15 MP: 6/6
  1249 | D:1      | Reached XP level 3. HP: 18/19 MP: 0/7
  1518 | D:2      | Reached skill level 4 in Stealth
  1558 | D:2      | Found a burning altar of Makhleb.
  1585 | D:2      | Found a stormy altar of Qazlal.
  2187 | D:3      | Reached XP level 4. HP: 24/24 MP: 8/8
  3151 | D:3      | Reached skill level 5 in Stealth
  3387 | D:3      | Reached XP level 5. HP: 15/28 MP: 2/9
  4112 | D:4      | Noticed an ogre
  4155 | D:4      | Noticed an ogre
  4260 | D:4      | Noticed Menkaure
  4410 | D:4      | Reached skill level 6 in Stealth
  4410 | D:4      | Reached XP level 6. HP: 13/32 MP: 0/10
  4648 | D:4      | Reached skill level 5 in Short Blades
  5275 | D:4      | Found an ornate altar of the Wu Jian Council.
  5280 | D:4      | Found a shimmering blue altar of Sif Muna.
  5280 | D:4      | Found a white marble altar of Elyvilon.
  5281 | D:4      | Found a shadowy altar of Dithmenos.
  5282 | D:4      | Found an ancient bone altar of Kikubaaqudgha.
  5285 | D:4      | Found a glowing silver altar of Zin.
  5293 | D:4      | Became a worshipper of Zin the Law-Giver
  5293 | D:4      | Reached * piety under Zin
  5647 | D:4      | Slain by an ogre

Illustrated notes

Levels and vault maps discovered:
D:1:      scummos_arrival_simple_fountains, layout_rooms, minmay_small_reverse_x
D:2:      layout_loops_ring, nicolae_overflow_hidden_temple, bloody_makhleb,
          first_ration
D:3:      layout_basic, portal_sewer_entry_b, minmay_cut_off
D:4:      layout_loops_ring, minitemple, uniq_menkaure

Skill      XL: |  1  2  3  4  5  6 |
---------------+-------------------+-----
Stealth        | 3 4 5 6 |  6.7
Short Blades   | 1 2 3 4 5 |  5.4
Dodging        | |  2.4
Spellcasting   | |  3.2
Conjurations   | |  1.0
Summonings     | |  1.0
Translocations | |  1.0

Action                   |  1- 3 |  4- 6 || total
-------------------------+-------+-------++-------
Melee: Dagger            |    40 |   165 ||   205
 Cast: Magic Dart        |    86 |   139 ||   225
  Use: Scroll            |     5 |     5 ||    10
 Stab: Sleeping          |    10 |     6 ||    16
  Eat: Chunk             |    12 |    10 ||    22
Armor: Robe              |     9 |    52 ||    61
Dodge: Dodged            |    56 |   107 ||   163

Table legend:
 A = Non-vault XP
 B = Vault XP
 C = Vault XP percentage of total XP
 D = Non-vault monster count
 E = Vault monster count
 F = Vault count percentage of total count
                 A         B        C        D         E       F
            +---------+---------+-------+---------+---------+-------
      Total |     373 |      27 |   6.8 |      74 |      10 |  11.9
            +---------+---------+-------+---------+---------+-------
        D:1 |      19 |       7 |  26.9 |       9 |       4 |  30.8
        D:2 |      44 |       0 |   0.0 |      26 |       0 |   0.0
        D:3 |     104 |      20 |  16.1 |      27 |       6 |  18.2
        D:4 |     206 |       0 |   0.0 |      12 |       0 |   0.0
            +---------+---------+-------+---------+---------+-------
